 Dungeon Crawl Stone Soup version 0.21.1-1-g345015fe64 (webtiles) character file.

452 Hercules1031 the Chopper (level 6, -1/56 HPs)
             Began as a Draconian Berserker on June 18, 2018.
             Was a Priest of Trog.
             Slain by a worker ant (5 damage)
             ... on level 5 of the Dungeon.
             The game lasted 00:19:06 (4429 turns).

Hercules1031 the Chopper (Draconian Berserker)      Turns: 4429, Time: 00:19:06

Health: -1/56      AC:  6    Str: 27    XL:     6   Next: 75%
Magic:  6/6        EV: 12    Int:  7    God:    Trog [***...]
Gold:   270        SH:  0    Dex: 10    Spells: 5/5 levels left

rFire    . . .     SeeInvis .   a - +1 hand axe
rCold    . . .     Gourm    .   (no shield)
rNeg     . . .     Faith    .   (armour unavailable)
rPois    .         Spirit   .   (helmet restricted)
rElec    .         Reflect  .   (no cloak)
rCorr    .         Harm     .   (no gloves)
MR       .....                  (no boots)
Stlth    ++........             (no amulet)
HPRegen  0.18/turn              c - ring of flight
MPRegen  0.10/turn              m - ring of stealth

@: mighty, berserk cooldown, slowed, very slow
A: unfitting armour, cold-blooded, AC +6
a: Berserk, Trog's Hand, Burn Spellbooks, Renounce Religion, Evoke Flight


You were on level 5 of the Dungeon.
You worshipped Trog.
Trog was most pleased with you.
You were full.

You visited 1 branch of the dungeon, and saw 5 of its levels.

You collected 270 gold pieces.

Inventory:

Hand Weapons
 a - a +1 hand axe (weapon)
Jewellery
 c - a ring of flight (left hand)
 m - a ring of stealth (right hand)
Wands
 o - a wand of flame (44)
Scrolls
 d - 2 scrolls of fear
 e - 3 scrolls of identify
 f - 2 scrolls of blinking
 g - a scroll of enchant weapon
 l - 7 scrolls of remove curse
 p - 2 scrolls of random uselessness
Comestibles
 b - 2 rations


   Skills:
 + Level 5.4 Fighting
 * Level 6.4 Axes
 - Level 3.0 Dodging


You had 5 spell levels left.
You didn't know any spells.

Dungeon Overview and Level Annotations

Branches:
Dungeon (5/15)
 Temple: D:4-7

Altars:


Innate Abilities, Weirdness & Mutations

Your plain brown scales are hard. (AC +6)
You cannot fit into any form of body armour.
You are cold-blooded and may be slowed by cold attacks.


Message History

You start resting.
You feel very mighty all of a sudden.
You feel sick.
The worker ant twitches its antennae in your direction.
You feel sick.
The worker ant bites you but does no damage.
The worker ant closely misses you.
You slash the worker ant!
The worker ant is almost dead.
The worker ant bites you.
* * * LOW HITPOINT WARNING * * *
You barely miss the worker ant.
The worker ant is almost dead.
The worker ant misses you. The worker ant barely misses you.
You barely miss the worker ant.
The worker ant is almost dead.
You feel sick.
You are no longer poisoned.
The worker ant completely misses you. The worker ant bites you.
You die...

#....' #....# ## #.
#....## .# .
#.###.....####.# .#
...............#..#
.................#
...............#
####
.>.....(.......#
#...
.........a@....#
#...
.......[.......#
#...
...............####.
#...
.....####.####......
#... .....
#.......#..#####...
#####
##.a[..............
#.........######...
#....(....# #...
#.........# #...


You could see a worker ant.

Vanquished Creatures
  A sky beast (D:5)
  A hound (D:4)
  2 worker ants (D:4)
  3 gnolls (D:2)
  13 adders
  2 oozes (D:1)
  4 worms
  2 dart slugs
  6 leopard geckos
  6 orcs
  8 bats
  4 giant cockroaches
  8 hobgoblins
  17 jackals
  9 kobolds
  6 ball pythons
  4 frilled lizards
  8 goblins
  A jackal skeleton (D:4)
  5 rats
110 creatures vanquished.

Notes
Turn   | Place    | Note
-------+----------+-------------------------------------------
     0 | D:1      | Hercules1031 the Draconian Berserker began the quest for the Orb.
     0 | D:1      | Reached XP level 1. HP: 19/19 MP: 1/1
    66 | D:1      | Reached XP level 2. HP: 20/26 MP: 2/2
   475 | D:1      | Reached XP level 3. HP: 32/33 MP: 3/3
   833 | D:2      | Reached ** piety under Trog
   872 | D:2      | Reached skill level 4 in Axes
  1050 | D:2      | Reached XP level 4. HP: 34/40 MP: 4/4
  2587 | D:3      | Reached XP level 5. HP: 47/47 MP: 5/5
  2712 | D:3      | Reached skill level 5 in Axes
  3108 | D:3      | Reached *** piety under Trog
  3612 | D:4      | Reached XP level 6. HP: 25/55 MP: 6/6
  3968 | D:4      | Reached skill level 5 in Fighting
  4358 | D:5      | Entered Level 5 of the Dungeon
  4394 | D:5      | Reached skill level 6 in Axes
  4398 | D:5      | Noticed a sky beast
  4413 | D:5      | Killed a sky beast
  4429 | D:5      | Slain by a worker ant

Skill      XL: |  1  2  3  4  5  6 |
---------------+-------------------+-----
Dodging        | 3 |  3.0
Axes           | 4 5 6 |  6.4
Fighting       | 4 5 |  5.4

Action                   |  1- 3 |  4- 6 || total
-------------------------+-------+-------++-------
Melee: Hand axe          |    92 |   259 ||   351
       Tailslap          |    15 |    34 ||    49
Invok: Berserk           |       |     1 ||     1
 Abil: Evoke Flight      |     2 |       ||     2
  Use: Potion            |     2 |     7 ||     9
       Scroll            |       |     7 ||     7
 Stab: Sleeping          |     1 |     4 ||     5
  Eat: Ration            |     2 |     3 ||     5
Armor: Skin              |    30 |   107 ||   137
Dodge: Dodged            |    83 |   203 ||   286
